 Dungeon Crawl Stone Soup version 0.30.0-29-ga12c61a403 (webtiles) character file.

Game seed: 9998886072711867424

65 BONEBRO the Chopper (level 4, -7/39 HPs)
             Began as a Hill Orc Monk on June 15, 2023.
             Mangled by a gnoll
             ... wielding a +0 flail
              (10 damage)
             ... on level 2 of the Dungeon.
             The game lasted 00:03:25 (1286 turns).

BONEBRO the Chopper (Hill Orc Monk)                 Turns: 1286, Time: 00:03:26

Health: -7/39      AC:  6    Str: 15    XL:     4   Next: 13%
Magic:  4/4        EV: 10    Int: 10    God:
Gold:   16         SH:  0    Dex: 13    Spells: 3/3 levels left

rFire   . . .        a - +0 hand axe
rCold   . . .        d - orb {light}
rNeg    . . .        j - +0 scale mail
rPois   .            (no helmet)
rElec   .            r - scarf {repulsion}
rCorr   .            (no gloves)
SInv    .            (no boots)
Will    .....        (no amulet) Stlth
                     (no ring)
HPRegen 0.26/turn    (no ring)
MPRegen 0.09/turn

%: repel missiles
@: glowing
A: no striking features
a: no special abilities


You were on level 2 of the Dungeon.
You visited 1 branch of the dungeon, and saw 2 of its levels.

You collected 16 gold pieces.

Inventory:

Hand Weapons
 a - a +0 hand axe (weapon)
Armour
 b - a +0 robe
 d - an orb of light (worn)
 j - a +0 scale mail (worn)
 r - a scarf of repulsion (worn)
 s - a +1 pair of gloves
Scrolls
 e - a scroll of magic mapping {unknown}
 f - a scroll of teleportation {unknown}
 h - a scroll of fear {unknown}
 i - a scroll of immolation {unknown}
 n - a scroll of identify {unknown}
 o - a scroll of amnesia {unknown}
 q - a scroll of silence {unknown}
Potions
 c - a potion of ambrosia
 g - 2 potions of brilliance {unknown}
 k - a potion of magic {unknown}
 l - 3 potions of flight {unknown}
 m - 2 potions of curing {unknown}
 p - a potion of attraction {unknown}


   Skills:
 - Level 3.6 Fighting
 + Level 6.5 Axes
 - Level 2.4 Dodging


You had 3 spell levels left.
You didn't know any spells.
Your spell library contained the following spells:

 Spells                   Type           Power      Damage    Failure   Level
 Anguish                  Hex/Necr       0%         N/A       100%        4
 Cause Fear               Hex            0%         N/A       100%        4
 Enfeeble                 Hex            0%         N/A       100%        7


Dungeon Overview and Level Annotations

Branches:
Dungeon (2/15)

Altars:

Shops:
D:1 *   D:2 *


Message History

A quokka comes into view.
A rat comes into view.
The gnoll hits you with a +0 spear.
You slash the gnoll!
The gnoll is almost dead.
The gnoll closely misses you.
You slash the gnoll!
You kill the gnoll!
You have reached level 4!
The gnoll barely misses you. The gnoll hits you with a +0 spear.
You barely miss the gnoll. You hit the rat. The gnoll closely misses you.
The rat barely misses you.
You hit the gnoll.
The gnoll is moderately wounded.
You hit the gnoll. You hit the rat.
You kill the rat!
The gnoll hits you but does no damage. The gnoll hits you with a +0 flail.
You hit the gnoll but do no damage.
The gnoll is moderately wounded.
You barely miss the gnoll. The gnoll hits you with a +0 spear.
The gnoll hits you but does no damage.
You hit the gnoll.
The gnoll is heavily wounded.
You barely miss the gnoll. The gnoll hits you with a +0 spear!
* * * LOW HITPOINT WARNING * * *
The gnoll hits you with a +0 flail.
* * * LOW HITPOINT WARNING * * *
You hit the gnoll but do no damage.
The gnoll is heavily wounded.
You hit the gnoll but do no damage. The gnoll hits you with a +0 spear.
* * * LOW HITPOINT WARNING * * *
The gnoll closely misses you.
You hit the gnoll.
The gnoll is severely wounded.
You hit the gnoll. The gnoll hits you but does no damage. The gnoll misses you.
You barely miss the gnoll.
The gnoll is severely wounded.
You hit the gnoll. The gnoll barely misses you.
The gnoll hits you with a +0 flail!
You die...

#. ... ## #. #.. ...
#.##.##.# #.......####
..........# #...!.....#######
######### #..r...#..#.....
#...(...# #<)g#g......#.#
#.#####.###...#@........#
##.........#..rg..#.....#
....#.##.#.##...........###.#
##†##.##.#.##.......#.......#
#.......#.##########...#####
#####.##.#.# #...#
......##.#.# #...#
......#....##########...#####
............##...............


You could see 2 gnolls and a quokka.

Vanquished Creatures
  Jessica (D:2)
  A gnoll (D:2)
  3 dart slugs
  An endoplasm (D:2)
  A giant cockroach (D:1)
  5 goblins
  4 hobgoblins
  A ball python (D:2)
  3 bats (D:1)
  A frilled lizard (D:1)
  2 kobolds (D:2)
  2 rats (D:2)
25 creatures vanquished.

Notes
Turn   | Place    | Note
-------+----------+-------------------------------------------
     0 | D:1      | BONEBRO the Hill Orc Monk began the quest for the Orb.
     0 | D:1      | Reached XP level 1. HP: 19/19 MP: 1/1
   418 | D:1      | Reached XP level 2. HP: 26/26 MP: 2/2
   522 | D:1      | Reached skill level 5 in Axes
   672 | D:1      | Found Inuaclom's General Store.
  1017 | D:2      | Found a faded altar of an unknown god.
  1027 | D:2      | Noticed Jessica
  1034 | D:2      | Killed Jessica
  1035 | D:2      | Reached skill level 6 in Axes
  1035 | D:2      | Reached XP level 3. HP: 24/31 MP: 3/3
  1085 | D:2      | Found Lofampa's Assorted Antiques.
  1275 | D:2      | Reached XP level 4. HP: 28/39 MP: 4/4
  1286 | D:2      | Mangled by a gnoll

Illustrated notes

Levels and vault maps discovered:
D:1:      amcnicky_arrival_blooded_trapdoor, layout_loops_corners, serial_shops,
          shop, nicolae_eternal_life, minmay_pentomino_x2
D:2:      layout_loops_cross, serial_shops, nicolae_shop_advertising_works
          [nicolae_subvault_shop_adworks], ebering_ecumenical_altar_webs,
          uniq_jessica

Skill      XL: |  1  2 |
---------------+-------+-----
Axes           | 6 |  6.5
Fighting       | |  3.6
Dodging        | |  2.4

Action                     |  1- 3 |  4- 6 || total
---------------------------+-------+-------++-------
  Melee: Hand axe          |    66 |     7 ||    73
 Armour: Robe              |    10 |       ||    10
         Scale mail        |     9 |     3 ||    12
  Dodge: Dodged            |    41 |     6 ||    47
